HSSL
ROCKY POINT HS EAGLES @ JEFFERSONVILLE-YOUNGSVILLE CENTRAL HS TROJANS
04/20/2025
 
TOP OF THE 1ST
Rocky Point HS Eagles batting - Pitching for Jeffersonville-Youngsville Central HS Trojans : RHP Luis Torres
Pitching: RHP Luis Torres
Batting: RHB John Lindsey 0-0: Ball
1-0: Ball
2-0: Swinging Strike
2-1: Ball
3-1: Base on Balls
Batting: RHB Jim Sharry 0-0: Called Strike
0-1: Foul Ball, location: 2F
0-2: Ball
1-2: Ball
2-2: Strikes out swinging
Batting: RHB Joe Lewis 0-0: Called Strike
0-1: Ball
1-1: Ball
2-1: Fly out, F7 (Flyball, 78M)
Batting: RHB Pedro Cháves 0-0: Swinging Strike
0-1: Called Strike
0-2: Foul Ball, location: 2F
0-2: Ball
1-2: Strikes out looking
Top of the 1st over - 0 run(s), 0 hit(s), 0 error(s), 1 left on base; Rocky Point HS 0 - Jeffersonville-Youngsville Central HS 0
BOTTOM OF THE 1ST
Jeffersonville-Youngsville Central HS Trojans batting - Pitching for Rocky Point HS Eagles : RHP Albert Cole
Pitching: RHP Albert Cole
Batting: SHB Ralph Alfonzo 0-0: Called Strike
0-1: Ball
1-1: Swinging Strike
1-2: SINGLE (Groundball, 6MD)
Batting: RHB Tim Richard 0-0: Called Strike
0-1: 2-RUN HOME RUN (Flyball, 8LXD), Distance : 448 ft
Batting: LHB José Martínez 0-0: Ball
1-0: Called Strike
1-1: Fly out, F7 (Flyball, 7LS)
Batting: LHB Allen Boyd 0-0: SINGLE (Line Drive, 5)
Batting: RHB Alberto García 0-0: Called Strike
0-1: Ball
1-1: Foul Ball, location: 2F
1-2: Grounds into double play, 6-4-3 (Groundball, 6)
Bottom of the 1st over - 2 run(s), 3 hit(s), 0 error(s), 0 left on base; Rocky Point HS 0 - Jeffersonville-Youngsville Central HS 2
TOP OF THE 2ND
Rocky Point HS Eagles batting - Pitching for Jeffersonville-Youngsville Central HS Trojans : RHP Luis Torres
Batting: SHB Andrés Coronado 0-0: Ball
1-0: Swinging Strike
1-1: Swinging Strike
1-2: Ball
2-2: Ball
3-2: Strikes out swinging
Batting: RHB Fernando Pagán 0-0: Ground out 6-3 (Groundball, 6)
Batting: SHB Josh Conner 0-0: Called Strike
0-1: Foul Ball, location: 2F
0-2: Ball
1-2: Strikes out swinging
Top of the 2nd over - 0 run(s), 0 hit(s), 0 error(s), 0 left on base; Rocky Point HS 0 - Jeffersonville-Youngsville Central HS 2
BOTTOM OF THE 2ND
Jeffersonville-Youngsville Central HS Trojans batting - Pitching for Rocky Point HS Eagles : RHP Albert Cole
Batting: RHB Melvin Johnson 0-0: Ball
1-0: Called Strike
1-1: Fly out, F6 (Line Drive, 6)
Batting: RHB Carlos Rosa 0-0: Ball
1-0: Foul Ball, location: 2F
1-1: Ground out 4-3 (Groundball, 4)
Batting: RHB William Gilmore 0-0: Ball
1-0: Swinging Strike
1-1: Ball
2-1: Called Strike
2-2: Ground out 6-3 (Groundball, 6)
Bottom of the 2nd over - 0 run(s), 0 hit(s), 0 error(s), 0 left on base; Rocky Point HS 0 - Jeffersonville-Youngsville Central HS 2
TOP OF THE 3RD
Rocky Point HS Eagles batting - Pitching for Jeffersonville-Youngsville Central HS Trojans : RHP Luis Torres
Batting: RHB Ramón Garza 0-0: Called Strike
0-1: Foul Ball, location: 2F
0-2: Ball
1-2: Strikes out looking
Batting: SHB Ralph Marshall 0-0: Ground out 4-3 (Groundball, 34S)
Batting: RHB John Lindsey 0-0: Foul Ball, location: 2F
0-1: Ball
1-1: Foul Ball, location: 2F
1-2: Foul Ball, location: 2F
1-2: Ball
2-2: Ball
3-2: Foul Ball, location: 2F
3-2: Foul Ball, location: 2F
3-2: Base on Balls
Batting: RHB Jim Sharry 0-0: Called Strike
0-1: Foul Ball, location: 2F
0-2: Strikes out swinging
Top of the 3rd over - 0 run(s), 0 hit(s), 0 error(s), 1 left on base; Rocky Point HS 0 - Jeffersonville-Youngsville Central HS 2
BOTTOM OF THE 3RD
Jeffersonville-Youngsville Central HS Trojans batting - Pitching for Rocky Point HS Eagles : RHP Albert Cole
Batting: LHB Abel Wheeler 0-0: Called Strike
0-1: Fly out, F6 (Line Drive, 6)
Batting: SHB Ralph Alfonzo 0-0: Called Strike
0-1: Ball
1-1: Foul Ball, location: 2F
1-2: Strikes out swinging
Batting: RHB Tim Richard 0-0: Ball
1-0: Ball
2-0: Ball
3-0: Called Strike
3-1: Called Strike
3-2: Fly out, F8 (Flyball, 8LM)
Bottom of the 3rd over - 0 run(s), 0 hit(s), 0 error(s), 0 left on base; Rocky Point HS 0 - Jeffersonville-Youngsville Central HS 2
TOP OF THE 4TH
Rocky Point HS Eagles batting - Pitching for Jeffersonville-Youngsville Central HS Trojans : RHP Luis Torres
Batting: RHB Joe Lewis 0-0: Called Strike
0-1: SINGLE (Line Drive, 8LS)
Batting: RHB Pedro Cháves 0-0: Ball
1-0: Ball
2-0: Reached on error, E5 (Groundball, 56)
Joe Lewis to second
Batting: SHB Andrés Coronado 0-0: Foul Ball, location: 2F
0-1: Called Strike
0-2: Ball
1-2: Strikes out looking
Batting: RHB Fernando Pagán 0-0: Foul Ball, location: 2F
0-1: Ball
1-1: Foul Ball, location: 2F
1-2: Foul Ball, location: 2F
1-2: Ball
2-2: Foul Ball, location: 2F
2-2: Strikes out looking
Batting: SHB Josh Conner 0-0: Ball
1-0: Ball
2-0: Called Strike
2-1: Swinging Strike
2-2: Reached on error, E2 (Groundball, 25F)
Joe Lewis scores
Pedro Cháves to third
Batting: RHB Ramón Garza 0-0: Ball
1-0: Ball
2-0: SINGLE (Groundball, 3D)
Pedro Cháves scores
Josh Conner to third
Runner from 3rd tries for Home, SAFE, no throw or cutoff
Batting: SHB Ralph Marshall 0-0: Ball
Ramón Garza steals 2nd base
1-0: Swinging Strike
1-1: Foul Ball, location: 2F
1-2: Strikes out looking
Top of the 4th over - 3 run(s), 2 hit(s), 2 error(s), 1 left on base; Rocky Point HS 3 - Jeffersonville-Youngsville Central HS 2
BOTTOM OF THE 4TH
Jeffersonville-Youngsville Central HS Trojans batting - Pitching for Rocky Point HS Eagles : RHP Albert Cole
Batting: LHB José Martínez 0-0: Called Strike
0-1: Ball
1-1: Swinging Strike
1-2: Ground out 4-3 (Groundball, 34D)
Batting: LHB Allen Boyd 0-0: Called Strike
0-1: Foul Ball, location: 2F
0-2: Foul Ball, location: 2F
0-2: Ball
1-2: Ball
2-2: Foul Ball, location: 2F
2-2: Ball
3-2: SINGLE (Groundball, 4MS)
Batting: RHB Alberto García 0-0: Ball
1-0: Called Strike
1-1: Called Strike
1-2: Fly out, F9 (Flyball, 9LM)
Batting: RHB Melvin Johnson 0-0: Foul Ball, location: 2F
0-1: Ball
1-1: Swinging Strike
1-2: Ball
2-2: Strikes out swinging
Bottom of the 4th over - 0 run(s), 1 hit(s), 0 error(s), 1 left on base; Rocky Point HS 3 - Jeffersonville-Youngsville Central HS 2
TOP OF THE 5TH
Rocky Point HS Eagles batting - Pitching for Jeffersonville-Youngsville Central HS Trojans : RHP Luis Torres
Batting: RHB John Lindsey 0-0: Called Strike
0-1: Called Strike
0-2: Ball
1-2: Ball
2-2: Ground out 3-1 (Groundball, 34)
Pitching: RHP Pablo Galván
Batting: RHB Jim Sharry 0-0: Ball
1-0: Called Strike
1-1: Called Strike
1-2: Strikes out swinging
Batting: RHB Joe Lewis 0-0: Called Strike
0-1: SINGLE (Groundball, 3D)
Batting: RHB Pedro Cháves 0-0: Foul Ball, location: 2F
0-1: Called Strike
0-2: Ground out 5-3 (Groundball, 56S)
Top of the 5th over - 0 run(s), 1 hit(s), 0 error(s), 1 left on base; Rocky Point HS 3 - Jeffersonville-Youngsville Central HS 2
BOTTOM OF THE 5TH
Jeffersonville-Youngsville Central HS Trojans batting - Pitching for Rocky Point HS Eagles : RHP Albert Cole
Batting: RHB Carlos Rosa 0-0: Ball
1-0: Foul Ball, location: 2F
1-1: Called Strike
1-2: Ball
2-2: Foul Ball, location: 2F
2-2: Ball
3-2: Base on Balls
Batting: RHB William Gilmore 0-0: SINGLE (Groundball, 56)
Carlos Rosa to second
Batting: LHB Abel Wheeler 0-0: Ball
1-0: Ball
2-0: Called Strike
2-1: Ball
3-1: Foul Ball, location: 2F
3-2: Foul Ball, location: 2F
3-2: Base on Balls
Carlos Rosa to third
William Gilmore to second
Batting: SHB Ralph Alfonzo 0-0: Fly out, F9 (Flyball, 89M)
Throwing error, E9
Carlos Rosa scores
William Gilmore to third
Abel Wheeler to second
Batting: RHB Tim Richard 0-0: Ball
1-0: Reached on error, E5 (Groundball, 56)
William Gilmore scores
Abel Wheeler to third
Batting: LHB José Martínez 0-0: Called Strike
0-1: Called Strike
0-2: Fly out, F4 (Popup, 34D)
Batting: LHB Allen Boyd 0-0: Ball
1-0: Ball
2-0: Called Strike
2-1: Ball
3-1: Called Strike
3-2: Foul Ball, location: 2F
3-2: Foul Ball, location: 2F
3-2: Foul Ball, location: 2F
3-2: Foul Ball, location: 2F
3-2: SINGLE (Line Drive, 9S)
Abel Wheeler scores
Tim Richard to second
Tim Richard to third
Pitching: RHP Roy Jordan
Batting: RHB Alberto García 0-0: Called Strike
0-1: Swinging Strike
0-2: Strikes out swinging
Bottom of the 5th over - 3 run(s), 2 hit(s), 2 error(s), 2 left on base; Rocky Point HS 3 - Jeffersonville-Youngsville Central HS 5
TOP OF THE 6TH
Rocky Point HS Eagles batting - Pitching for Jeffersonville-Youngsville Central HS Trojans : RHP Pablo Galván
Batting: SHB Andrés Coronado 0-0: Ball
1-0: Called Strike
1-1: Called Strike
1-2: SOLO HOME RUN (Flyball, 89XD), Distance : 425 ft
Batting: RHB Fernando Pagán 0-0: Called Strike
0-1: Ball
1-1: Swinging Strike
1-2: Ground out 3-1 (Groundball, 34)
Batting: SHB Josh Conner 0-0: Ball
1-0: Foul Ball, location: 2F
1-1: Ball
2-1: Foul Ball, location: 2F
2-2: Fly out, F6 (Popup, 56D)
Batting: RHB Ramón Garza 0-0: Called Strike
0-1: Ball
1-1: SINGLE (Line Drive, 56)
Batting: SHB Ralph Marshall 0-0: Foul Ball, location: 2F
0-1: Ball
1-1: Ball
2-1: Foul Ball, location: 2F
2-2: SINGLE (Groundball, 34D)
Ramón Garza to second
Runner from 2nd tries for 3rd, SAFE, throw made to third
Ralph Marshall to second
Batting: RHB John Lindsey 0-0: Called Strike
0-1: Foul Ball, location: 2F
0-2: Foul Ball, location: 2F
0-2: Strikes out swinging
Top of the 6th over - 1 run(s), 3 hit(s), 0 error(s), 2 left on base; Rocky Point HS 4 - Jeffersonville-Youngsville Central HS 5
BOTTOM OF THE 6TH
Jeffersonville-Youngsville Central HS Trojans batting - Pitching for Rocky Point HS Eagles : RHP Roy Jordan
Batting: RHB Melvin Johnson 0-0: Ball
1-0: Fly out, F2 (Popup, 3SF)
Batting: RHB Carlos Rosa 0-0: Ball
1-0: Called Strike
1-1: Ground out 6-3 (Groundball, 6)
Batting: RHB William Gilmore 0-0: Foul Ball, location: 2F
0-1: Foul Ball, location: 2F
0-2: Strikes out swinging
Bottom of the 6th over - 0 run(s), 0 hit(s), 0 error(s), 0 left on base; Rocky Point HS 4 - Jeffersonville-Youngsville Central HS 5
TOP OF THE 7TH
Rocky Point HS Eagles batting - Pitching for Jeffersonville-Youngsville Central HS Trojans : RHP Pablo Galván
Batting: RHB Jim Sharry 0-0: Called Strike
0-1: Ball
1-1: SINGLE (Groundball, 34)
Pitching: RHP John Ashe
Batting: RHB Joe Lewis 0-0: Called Strike
0-1: Swinging Strike
0-2: Foul Ball, location: 2F
0-2: Ball
1-2: Ball
2-2: Ball
3-2: Strikes out swinging
Batting: RHB Pedro Cháves 0-0: Ball
1-0: Called Strike
1-1: SINGLE (Groundball, 25) (infield hit)
Jim Sharry to second
Batting: SHB Andrés Coronado 0-0: Grounds into double play, 1-4-3 (Groundball, 15S)
Top of the 7th over - 0 run(s), 2 hit(s), 0 error(s), 1 left on base; Rocky Point HS 4 - Jeffersonville-Youngsville Central HS 5
BOTTOM OF THE 7TH
Jeffersonville-Youngsville Central HS Trojans batting - Pitching for Rocky Point HS Eagles : RHP Roy Jordan
Batting: LHB Abel Wheeler 0-0: Swinging Strike
0-1: Called Strike
0-2: Strikes out looking
Batting: SHB Ralph Alfonzo 0-0: Called Strike
0-1: Ball
1-1: Fly out, F7 (Flyball, 78M)
Batting: RHB Tim Richard 0-0: Ball
1-0: Ball
2-0: Ball
3-0: Called Strike
3-1: Called Strike
3-2: Strikes out swinging
Bottom of the 7th over - 0 run(s), 0 hit(s), 0 error(s), 0 left on base; Rocky Point HS 4 - Jeffersonville-Youngsville Central HS 5
TOP OF THE 8TH
Rocky Point HS Eagles batting - Pitching for Jeffersonville-Youngsville Central HS Trojans : RHP John Ashe
Pitching: RHP Cody Nichols
Now in RF: Albert Hunt
Batting: RHB Fernando Pagán 0-0: Ball
1-0: Called Strike
1-1: Ball
2-1: Called Strike
2-2: Foul Ball, location: 2F
2-2: Strikes out swinging
Batting: SHB Josh Conner 0-0: Ball
1-0: Foul Ball, location: 2F
1-1: Foul Ball, location: 2F
1-2: SINGLE (Line Drive, 78S)
Batting: RHB Ramón Garza 0-0: Bunted foul
0-1: Sac Bunt - play at first, batter OUT! 2-4
Josh Conner to second
Batting: SHB Ralph Marshall 0-0: Ball
1-0: Ball
2-0: Foul Ball, location: 2F
2-1: Ball
3-1: Base on Balls
Batting: RHB John Lindsey 0-0: Ball
1-0: 3-RUN HOME RUN (Flyball, 7D), Distance : 405 ft
Batting: RHB Jim Sharry 0-0: Called Strike
0-1: Ball
1-1: Fly out, F7 (Flyball, 7M)
Top of the 8th over - 3 run(s), 2 hit(s), 0 error(s), 0 left on base; Rocky Point HS 7 - Jeffersonville-Youngsville Central HS 5
BOTTOM OF THE 8TH
Jeffersonville-Youngsville Central HS Trojans batting - Pitching for Rocky Point HS Eagles : RHP Roy Jordan
Pitching: RHP Gary Woods
Batting: LHB José Martínez 0-0: Ball
1-0: Ball
2-0: Foul Ball, location: 2F
2-1: Ground out 4-3 (Groundball, 4)
Batting: LHB Allen Boyd 0-0: Called Strike
0-1: DOUBLE (Flyball, 7LM)
Pitching: LHP Keith Burns
Batting: RHB Alberto García 0-0: Called Strike
0-1: Ball
1-1: Swinging Strike
1-2: Strikes out swinging
Pitching: RHP Gary Thompson
Batting: RHB Melvin Johnson 0-0: Swinging Strike
0-1: Called Strike
0-2: Foul Ball, location: 2F
0-2: Ball
1-2: Ball
2-2: Strikes out swinging
Bottom of the 8th over - 0 run(s), 1 hit(s), 0 error(s), 1 left on base; Rocky Point HS 7 - Jeffersonville-Youngsville Central HS 5
TOP OF THE 9TH
Rocky Point HS Eagles batting - Pitching for Jeffersonville-Youngsville Central HS Trojans : RHP Cody Nichols
Batting: RHB Joe Lewis 0-0: Ground out 4-3 (Groundball, 4)
Batting: RHB Pedro Cháves 0-0: Ball
1-0: Foul Ball, location: 2F
1-1: Swinging Strike
1-2: Strikes out swinging
Batting: SHB Andrés Coronado 0-0: Called Strike
0-1: Ball
1-1: Ball
2-1: Ball
3-1: Called Strike
3-2: Base on Balls
Batting: RHB Fernando Pagán 0-0: Foul Ball, location: 2F
0-1: SINGLE (Groundball, 56D)
Andrés Coronado to second
Pitching: RHP Kenny Mills
Batting: SHB Josh Conner 0-0: Called Strike
0-1: Ball
1-1: Ground out 3-1 (Groundball, 34)
Top of the 9th over - 0 run(s), 1 hit(s), 0 error(s), 2 left on base; Rocky Point HS 7 - Jeffersonville-Youngsville Central HS 5
BOTTOM OF THE 9TH
Jeffersonville-Youngsville Central HS Trojans batting - Pitching for Rocky Point HS Eagles : RHP Gary Thompson
Pitching: RHP Chet Miller
Batting: RHB Carlos Rosa 0-0: Ball
1-0: Ball
2-0: Swinging Strike
2-1: Foul Ball, location: 2F
2-2: Foul Ball, location: 2F
2-2: Strikes out swinging
Batting: RHB William Gilmore 0-0: Foul Ball, location: 2F
0-1: Ball
1-1: Foul Ball, location: 2F
1-2: Ground out 6-3 (Groundball, 6)
Batting: RHB Albert Hunt 0-0: Swinging Strike
0-1: Ball
1-1: Foul Ball, location: 2F
1-2: Foul Ball, location: 2F
1-2: Ball
2-2: Reached on error, E5 (Groundball, 56)
Batting: SHB Ralph Alfonzo 0-0: Called Strike
0-1: Ball
1-1: SINGLE (Line Drive, 8LS)
Albert Hunt to third
Pinch Hitting: SHB Marvin MacGeoch 0-0: Swinging Strike
0-1: Ball
1-1: Called Strike
1-2: Strikes out swinging
Bottom of the 9th over - 0 run(s), 1 hit(s), 1 error(s), 2 left on base; Rocky Point HS 7 - Jeffersonville-Youngsville Central HS 5
This league is powered by Out of the Park Baseball, the baseball management simulation game for PC, Mac and Linux
Tuesday, August 2nd, 2016 - OOTP Baseball 16.8 Build 38